AoeStats
← 739697286

Nomad

507963646Analyzed
4v4 RM · 13d ago on Sep 20, 2026· 42m 39s· 8 players
Game mode
Random Map
Map size
231×231
Population
200
Speed
Normal
Resources
Standard
Victory
Conquest
Starting age
Dark Age
Ending age
Imperial Age
RankedLock teamsTeams togetherTeam positionsShared explorationLock speedFull tech treeHidden civsTurbo modeCheats
Victory
Defeat
🇨🇳 Persians · China
1477
+13
🇨🇳 Persians · China
1379
+17
🇨🇳 Spanish · China
1375
+18
🇮🇹 Wu · Italy
1367
+18
1438
-17
🇻🇳 Vikings · Vietnam
1427
-17
🇯🇵 Spanish · Japan
1412
-17
🇨🇳 Persians · China
1378
-15
gianghodd01
5:13 Loom
15:10 Feudal Age
16:00 Double-Bit Axe
15:57 Horse Collar
16:01 Fishing Lines
19:52 Castle Age
17:46 Fletching
20:37 Bodkin Arrow
20:37 Gold Mining
21:05 Gillnets
26:55 Squires
27:38 Town Watch
30:20 Horse Collar
31:51 Bow Saw
31:42 Heavy Plow
34:23 Pikeman
39:13 Imperial Age
36:46 Town Patrol
36:54 Man-at-Arms
37:19 Gambesons
38:34 Long Swordsman
38:59 Gambesons
39:17 Scale Mail Armor
40:24 Conscription
39:26 Two-Handed Swordsman
40:49 Champion
41:46 Chain Mail Armor
42:16 Arson
老头
8:51 Loom
13:44 Feudal Age
18:15 Castle Age
21:19 Double-Bit Axe
24:02 Horse Collar
27:24 Wheelbarrow
31:06 Hand Cart
38:45 Bow Saw
42:29 Imperial Age
40:32 Gold Mining
twitch.tv/TheSeniorSmurf
5:24 Loom
13:41 Feudal Age
18:22 Castle Age
16:50 Double-Bit Axe
18:04 Horse Collar
26:47 Fletching
29:07 Bodkin Arrow
32:28 Padded Archer Armor
33:43 Wheelbarrow
33:53 Leather Archer Armor
35:01 Bow Saw
35:19 Paiks
35:49 Bloodlines
35:40 Husbandry
36:06 Heavy Plow
39:55 Imperial Age
38:02 Gold Mining
38:46 Ballistics
39:56 Gold Shaft Mining
40:45 Bracer
41:48 Chemistry
41:29 Conscription
40:42 Elite Ratha (Ranged)
42:05 Ring Archer Armor
42:33 Hand Cart
PeterWong1988
3:14 Loom
13:11 Feudal Age
13:21 Feudal Age
18:52 Castle Age
23:09 Town Watch
27:47 Padded Archer Armor
34:16 Horse Collar
38:11 Ballistics
41:19 Husbandry
41:30 Bloodlines
XHK
5:27 Loom
12:29 Feudal Age
16:19 Castle Age
14:44 Double-Bit Axe
16:12 Fletching
17:13 Bodkin Arrow
20:34 Bow Saw
22:16 Horse Collar
26:56 Wheelbarrow
30:32 Town Watch
35:21 Imperial Age
33:08 Hand Cart
33:35 Husbandry
33:45 Bloodlines
34:48 Bloodlines
34:46 Scale Barding Armor
34:56 Heavy Plow
36:14 Chain Barding Armor
36:05 Forging
36:16 Conscription
36:36 Gold Mining
38:04 Plate Barding Armor
36:52 Cavalier
37:55 Kamandaran
38:01 Savar
40:11 Iron Casting
42:02 Blast Furnace
739697286
11:32 Loom
13:53 Feudal Age
18:02 Castle Age
16:07 Gold Mining
16:05 Double-Bit Axe
18:59 Bow Saw
19:13 Light Cavalry
20:04 Bloodlines
20:05 Fishing Lines
21:18 Forging
21:14 Scale Barding Armor
21:19 Forging
21:14 Scale Barding Armor
21:19 Forging
21:14 Scale Barding Armor
21:11 Horse Collar
36:27 Crossbowman
菜菜
7:57 Loom
10:38 Loom
15:04 Feudal Age
16:32 Double-Bit Axe
20:25 Castle Age
18:31 Gold Mining
18:33 Stone Mining
18:40 Stone Mining
18:49 Horse Collar
21:19 Bow Saw
27:34 Wheelbarrow
27:35 Padded Archer Armor
29:21 Heavy Plow
31:40 Hand Cart
35:42 Imperial Age
33:40 Leather Archer Armor
34:33 Bloodlines
34:24 Husbandry
35:06 Forging
36:18 Ballistics
36:49 Conscription
37:06 Ring Archer Armor
38:35 Two-Man Saw
38:24 Elite Conquistador
41:56 Light Cavalry
42:43 Scale Barding Armor
43:14 Iron Casting
43:30 Stone Shaft Mining
GdR_Salinaro
12:31 Feudal Age
13:11 Double-Bit Axe
13:47 Fishing Lines
20:44 Castle Age
19:23 Stone Mining
19:25 Gold Mining
20:26 Loom
21:16 Wheelbarrow
21:36 Gillnets
21:57 Medium Warships
23:00 Bow Saw
24:38 Scale Mail Armor
24:49 Forging
24:29 Fletching
25:47 Chain Mail Armor
26:00 Squires
25:46 Arson
29:17 Horse Collar
31:29 Gold Shaft Mining
31:29 Stone Shaft Mining
31:13 Hand Cart
30:43 Town Watch
32:06 Heavy Plow
36:31 Imperial Age
34:54 Iron Casting
34:14 Bodkin Arrow
36:18 Pikeman
37:39 Conscription
37:23 Sitting Tiger
39:59 Two-Man Saw
39:31 Plate Mail Armor
40:02 Blast Furnace
38:58 Halberdier
39:41 Bracer
42:30 Chemistry
41:51 Ballistics
41:28 Murder Holes
Connection lost

Rejoining the realm…

Still unreachable

The connection could not be restored.

Session expired

The server has moved on; the page needs a fresh start.